 Dungeon Crawl Stone Soup version 0.22-a0-480-g991dd4b2b4 (webtiles) character file.

28089 Oravi the Thaumaturge (level 13, -24/103 HPs)
             Began as a Purple Draconian Conjurer on June 15, 2018.
             Was an Elder of Vehumet.
             Killed from afar by 123456's ghost (52 damage)
             ... with a fireball
             ... on level 1 of the Lair of Beasts.
             The game lasted 01:41:26 (20542 turns).

Oravi the Thaumaturge (Purple Draconian Conjurer)  Turns: 20542, Time: 01:41:27

Health: -24/103    AC: 12    Str: 15    XL:     13   Next: 7%
Magic:  38/38      EV: 14    Int: 21    God:    Vehumet [****..]
Gold:   535        SH:  5    Dex: 11    Spells: 9/36 levels left

rFire    . . .     SeeInvis +   z - +7 hand axe of Courage {chop, rPois rN+ MR+}
rCold    . . .     Gourm    +   y - +0 buckler "Pucwuyhule" {Str+4 SInv Stlth+} (curse)
rNeg     + . .     Faith    .   (armour unavailable)
rPois    +         Spirit   .   (helmet restricted)
rElec    .         Reflect  .   a - +1 cloak {rPois}
rCorr    +         Harm     .   i - +0 pair of gloves
MR       ++...                  r - +0 pair of boots
Stlth    ++++......             G - amulet of the gourmand
HPRegen  0.27/turn              k - ring of magical power
MPRegen  0.26/turn              q - ring of resist corrosion

@: no status effects
A: breathe power, unfitting armour, cold-blooded, AC +8
a: Breathe Dispelling Energy, Renounce Religion


You were on level 1 of the Lair of Beasts.
You worshipped Vehumet.
Vehumet was greatly pleased with you.
You were not hungry.

You visited 3 branches of the dungeon, and saw 14 of its levels.

You collected 535 gold pieces.

Inventory:

Hand Weapons
 f - a +2 short sword of venom
 l - a +2 short sword of holy wrath
 z - the +7 hand axe of Courage (weapon) {chop, rPois rN+ MR+}
   (You found it on level 10 of the Dungeon)

   It inflicts extra damage upon your enemies.
   It protects you from poison.
   It protects you from negative energy.
   It affects your resistance to hostile enchantments.
Missiles
 e - 310 stones
 p - 11 tomahawks
 w - 3 javelins
 x - 3 throwing nets (quivered)
Armour
 a - a +1 cloak of poison resistance (worn)
 i - a +0 pair of gloves (worn)
 r - a +0 pair of boots (worn)
 y - the cursed +0 buckler "Pucwuyhule" (worn) {Str+4 SInv Stlth+}
   (You found it on level 8 of the Dungeon)

   It affects your strength (+4).
   It lets you see invisible.
   It makes you more stealthy.
   It has a curse placed upon it.
Magical Staves
 s - an uncursed staff of summoning
 I - an uncursed staff of conjuration {unknown}
Jewellery
 k - a ring of magical power (left hand)
 q - a ring of resist corrosion (right hand)
 t - an uncursed ring of flight
 G - an amulet of the gourmand (around neck)
Wands
 n - a wand of enslavement (15)
 F - a wand of flame (44)
 H - a wand of iceblast (8)
Scrolls
 c - 4 scrolls of remove curse
 g - 2 scrolls of magic mapping
 h - 2 scrolls of teleportation
 A - a scroll of enchant armour
 B - 2 scrolls of amnesia
Potions
 d - 6 potions of curing
 m - 4 potions of haste
 o - 2 potions of berserk rage
 u - 3 potions of invisibility
 v - 3 potions of flight
 C - a potion of mutation
 D - a potion of agility
 E - a potion of lignification {unknown}
Comestibles
 b - 13 rations


   Skills:
 + Level 6.4 Fighting
 + Level 4.8 Dodging
 - Level 5.0 Stealth
 - Level 4.4 Shields
 + Level 12.0 Spellcasting
 + Level 11.7 Conjurations
 + Level 5.2 Translocations
 + Level 10.5 Fire Magic


You had 9 spell levels left.
You knew the following spells:

 Your Spells              Type           Power        Failure   Level  Hunger
a - Magic Dart            Conj           ####         1%          1    None
b - Searing Ray           Conj           ######       1%          2    None
c - Fireball              Conj/Fire      ######....   1%          5    ####...
d - Iskenderun's Mystic   Conj           ######..     1%          4    None
e - Sticky Flame          Conj/Fire      ######..     1%          4    None
f - Force Lance           Conj/Tloc      #####...     1%          4    None
g - Fulminant Prism       Conj/Hex       #####.....   1%          4    None
h - Dazzling Spray        Conj/Hex       #####.       1%          3    None

Your spell library contained the following spells:

 Spells                   Type           Power        Failure   Level  Hunger
 Conjure Flame            Conj/Fire      ######..     1%          3    None
 Throw Flame              Conj/Fire      ######       1%          2    None
 Animate Dead             Necr           N/A          45%         4    None
 Pain                     Necr           ##..         5%          1    None
 Animate Skeleton         Necr           N/A          5%          1    None
 Vampiric Draining        Necr           ##........   16%         3    None
 Regeneration             Chrm/Necr      ##........   16%         3    None
 Flame Tongue             Conj/Fire      #####        1%          1    None
 Inner Flame              Hex/Fire       ####....     1%          3    None


Dungeon Overview and Level Annotations

Branches:
Dungeon (12/15)            Temple (1/1) D:4            Lair (1/6) D:11
    Orc: D:9-12

Altars:
Ashenzari
Cheibriados
Dithmenos
Elyvilon
Fedhas
Gozag
Hepliaklqana
Kikubaaqudgha
Makhleb
Nemelex Xobeh
Okawaru
Qazlal
Ru
Sif Muna
Trog
Uskayaw
Vehumet
Wu Jian
Xom
Yredelemnul
Zin
The Shining One

Annotations:
D:4 exclusion: upstairs
Lair:1 123456's ghost, journeyman DEFE; hcgyg4s's ghost, journeyman DrFE


Innate Abilities, Weirdness & Mutations

You can breathe bolts of dispelling energy.
Your rich purple scales are hard. (AC +8)
You cannot fit into any form of body armour.
You are cold-blooded and may be slowed by cold attacks.


Message History

You feel less confused.
Hcgyg4s's ghost says, "To die, to sleep, no more." 123456's ghost gestures at you while chanting.
The puff of flame hits you! 123456's ghost hits you but does no damage. 123456's ghost points at you and mumbles some strange words.
The bolt of fire hits you! 123456's ghost points at you and mumbles some strange words.
The puff of flame hits you! 123456's ghost casts a spell at you.
The spray of energy hits you!
* * * LOW HITPOINT WARNING * * *
Okay, then.
Okay, then. 123456's ghost stares at you.
You see here 26 bolts. 123456's ghost casts a spell at you.
The fireball explodes!
The fireball engulfs you!
Ouch! That really hurt!
You die...

#....<......# ##..##.###P.P..
#.###.###.#.## #..## #.. #.#
### ###..# ##.# #.. #.# #.##
#.# #.. #.# #..# ##.# #.. #.#
#.## #..# #.. #.# #.# ##.##
#..
#.#########.#####..#########..
#............@(.W.W.D.........
##...#.#P.####################
##########


You could see an eight-headed hydra, 123456's ghost and hcgyg4s's ghost.

Vanquished Creatures
  5 two-headed ogres
  Sonja (D:11)
  5 skeletal warriors
  2 unseen horrors
  An orc knight (D:11)
  A manticore (D:12)
  A cyclops (D:12)
  Joseph (D:10)
  A gargoyle (D:11)
  Psyche (D:10)
  3 trolls
  A hippogriff (D:11)
  9 yaks
  The ghost of NoiZ the Chopper, an amateur MiFi (D:4)
  A hungry ghost (D:10)
  A water moccasin (D:6)
  7 orc warriors
  An ice beast (D:5)
  A black bear (D:6)
  The ghost of NoiZ the Chopper, an amateur MiFi (D:3)
  2 phantoms
  8 ogres
  3 sky beasts
  10 centaurs
  2 crocodiles
  14 bullfrogs
  A scorpion (D:6)
  8 killer bees
  5 wights (D:8)
  2 howler monkeys
  4 crimson imps
  A bullfrog zombie (D:12)
  2 quasits
  2 centaur zombies
  7 hounds
  2 jellies
  13 orc priests
  2 centaur skeletons
  3 iron imps (D:5)
  Jessica (D:3)
  3 gnoll shamans (D:6)
  2 iguanas
  15 orc wizards
  8 worker ants
  5 hound zombies
  2 hound skeletons
  A mummy (D:6)
  51 gnolls
  8 adders
  A shadow imp (D:10)
  An ooze (D:3)
  2 adder skeletons
  4 worms
  4 dart slugs
  3 leopard geckos
  56 orcs
  3 giant cockroaches
  7 hobgoblins
  34 jackals
  5 kobolds
  5 quokkas
  2 ball pythons (D:2)
  10 bats
  8 goblins
  A quokka skeleton (D:8)
  A quokka zombie (D:8)
  6 rats
385 creatures vanquished.

Vanquished Creatures (others)
  5 fulminant prisms
5 creatures vanquished.

Grand Total: 390 creatures vanquished

Notes
Turn   | Place    | Note
-------+----------+-------------------------------------------
     0 | D:1      | Oravi the Draconian Conjurer began the quest for the Orb.
     0 | D:1      | Reached XP level 1. HP: 14/14 MP: 3/3
   477 | D:1      | Reached XP level 2. HP: 15/20 MP: 0/5
  1112 | D:1      | Reached XP level 3. HP: 23/26 MP: 2/6
  1116 | D:1      | Learned a level 2 spell: Searing Ray
  1120 | D:1      | Learned a level 3 spell: Dazzling Spray
  2062 | D:2      | Reached skill level 3 in Spellcasting
  2302 | D:2      | Reached XP level 4. HP: 33/33 MP: 6/8
  2422 | D:2      | Found a shattered altar of Ashenzari.
  2473 | D:2      | Reached skill level 5 in Conjurations
  2809 | D:3      | Found a deep blue altar of Sif Muna.
  2810 | D:3      | Found an iron altar of Okawaru.
  3108 | D:3      | Reached XP level 5. HP: 32/38 MP: 10/10
  3126 | D:3      | Reached skill level 4 in Spellcasting
  3396 | D:3      | Noticed Jessica
  3407 | D:3      | Killed Jessica
  3544 | D:3      | Reached XP level 6. HP: 45/45 MP: 7/12
  3642 | D:3      | Noticed an orc warrior
  3854 | D:3      | Noticed NoiZ's ghost (amateur MiFi)
  3957 | D:4      | Found a white marble altar of Elyvilon.
  4062 | D:4      | Found a staircase to the Ecumenical Temple.
  4071 | Temple   | Entered the Ecumenical Temple
  4131 | Temple   | Became a worshipper of Vehumet
  4449 | D:4      | Noticed NoiZ's ghost (amateur MiFi)
  4874 | D:4      | Found a hazy altar of Hepliaklqana.
  5111 | D:4      | Learned a level 4 spell: Iskenderun's Mystic Blast
  5116 | D:4      | Reached skill level 5 in Spellcasting
  5116 | D:4      | Your scales start taking on a rich purple colour.
  5116 | D:4      | Reached skill level 6 in Spellcasting
  5116 | D:4      | Reached XP level 7. HP: 50/50 MP: 16/16
  5365 | D:5      | Entered Level 5 of the Dungeon
  5783 | D:5      | Reached * piety under Vehumet
  5783 | D:5      | Offered knowledge of Sting by Vehumet.
  5800 | D:5      | Reached skill level 7 in Spellcasting
  5908 | D:5      | Reached XP level 8. HP: 48/57 MP: 10/19
  6002 | D:5      | Reached skill level 8 in Spellcasting
  6214 | D:5      | Found a sacrificial altar of Ru.
  6410 | D:5      | Found a burning altar of Makhleb.
  6946 | D:6      | Reached skill level 9 in Spellcasting
  7235 | D:6      | Offered knowledge of Flame Tongue by Vehumet.
  7240 | D:6      | Reached ** piety under Vehumet
  7266 | D:6      | Reached XP level 9. HP: 56/62 MP: 9/22
  7807 | D:6      | Noticed a meliai
  7880 | D:6      | Offered knowledge of Throw Flame by Vehumet.
  8009 | D:6      | Reached *** piety under Vehumet
  8309 | D:6      | Offered knowledge of Sticky Flame by Vehumet.
  8315 | D:6      | Learned a level 4 spell: Sticky Flame
  8335 | D:6      | Learned a level 4 spell: Force Lance
  8340 | D:6      | Learned a level 4 spell: Fulminant Prism
  8460 | D:6      | Reached skill level 10 in Spellcasting
  8610 | D:6      | Reached skill level 10 in Conjurations
  8693 | D:6      | Found a snail-covered altar of Cheibriados.
  9591 | D:7      | Reached skill level 1 in Fighting
  9594 | D:7      | Reached skill level 1 in Fire Magic
 10165 | D:7      | Reached **** piety under Vehumet
 10263 | D:7      | Found a shimmering altar of Xom.
 10452 | D:8      | Offered knowledge of Bolt of Draining by Vehumet.
 10590 | D:8      | Got a distressingly furry buckler
 10591 | D:8      | Identified the cursed +0 buckler "Pucwuyhule" {Str+4 SInv Stlth+} (You found it on level 8 of the Dungeon)
 10662 | D:8      | Reached skill level 1 in Shields
 10754 | D:8      | Reached XP level 10. HP: 60/73 MP: 13/24
 10983 | D:8      | Noticed a two-headed ogre
 10988 | D:8      | Killed a two-headed ogre
 11231 | D:8      | Found a shadowy altar of Dithmenos.
 11505 | D:8      | Found a sparkling altar of Nemelex Xobeh.
 11583 | D:8      | Noticed a two-headed ogre
 11591 | D:8      | Killed a two-headed ogre
 11591 | D:8      | Reached skill level 1 in Translocations
 12158 | D:9      | Reached skill level 11 in Spellcasting
 12329 | D:9      | Reached ***** piety under Vehumet
 12329 | D:9      | Offered knowledge of Conjure Ball Lightning by Vehumet.
 12996 | D:9      | Learned a level 5 spell: Fireball
 13049 | D:10     | Entered Level 10 of the Dungeon
 13061 | D:10     | Reached XP level 11. HP: 84/84 MP: 13/26
 13098 | D:10     | Noticed Joseph
 13227 | D:10     | Killed Joseph
 13248 | D:10     | Noticed Psyche
 13457 | D:10     | Killed Psyche
 13463 | D:10     | Noticed a two-headed ogre
 14155 | D:9      | Killed a two-headed ogre
 14289 | D:10     | Noticed a two-headed ogre
 14295 | D:10     | Killed a two-headed ogre
 14711 | D:10     | Reached XP level 12. HP: 93/93 MP: 27/27
 14785 | D:10     | Got an ancient hand axe
 14786 | D:10     | Identified the +7 hand axe of Courage {chop, rPois rN+ MR+} (You found it on level 10 of the Dungeon)
 14824 | D:10     | Noticed a two-headed ogre
 14829 | D:10     | Killed a two-headed ogre
 14829 | D:10     | Reached skill level 5 in Fighting
 15568 | D:11     | Reached skill level 10 in Fire Magic
 16124 | D:11     | Found a staircase to the Lair.
 16145 | D:11     | Noticed Sonja
 16147 | D:11     | Killed Sonja
 16147 | D:11     | Reached skill level 5 in Stealth
 16884 | D:11     | Found a staircase to the Lair.
 17098 | D:12     | Noticed a fire dragon
 17251 | D:12     | Reached skill level 5 in Translocations
 17252 | D:12     | Reached XP level 13. HP: 95/102 MP: 10/28
 17864 | D:12     | Reached skill level 12 in Spellcasting
 17999 | Lair:1   | Entered Level 1 of the Lair of Beasts
 18036 | Lair:1   | Noticed hcgyg4s's ghost (journeyman DrFE)
 19539 | D:4      | Killed NoiZ's ghost
 20249 | D:3      | Killed NoiZ's ghost
 20302 | D:3      | Found a deep blue altar of Sif Muna.
 20303 | D:3      | Found an iron altar of Okawaru.
 20518 | Lair:1   | Noticed 123456's ghost (journeyman DEFE)
 20542 | Lair:1   | Killed from afar by 123456's ghost

Vault maps used:
D:1:      minmay_arrival_doors, minmay_distorted
D:2:      marbit_many_paths
D:3:      nicolae_overflow_hidden_temple, uniq_jessica
D:4:      lemuel_doored_altar, kennysheep_mini, lemuel_temple_firewalk_b,
          first_ration
D:5:      demons_altar, basic_altar
D:6:      lemuel_castle_with_subvaults, chei_slow_surprise
D:7:      xom_teletrap_fun
D:8:      lemuel_crystal_altar, kennysheep_mini_moat, grunt_ogre_cave
D:9:      abandoned_shop
D:10:     uniq_psyche, uniq_joseph
D:11:     lair_entry_dummy, lab_entry_generic, uniq_sonja
D:12:     minmay_curly_fans, david_orc_5, uniq_nergalle, uniq_josephine
Temple:   cyrus_circular_temple
Lair:1:   serial_bayou_shore_a, grunt_megastairs_5, uniq_gastronok

Skill      XL: |  1  2  3  4  5  6  7  8  9 10 11 12 13 |
---------------+----------------------------------------+-----
Spellcasting   | 3 4 6 7 9 10 11 12 | 12.0
Conjurations   | 5 6 7 9 10 11 | 11.7
Dodging        | 2 3 4 |  4.8
Fighting       | 2 4 6 |  6.4
Fire Magic     | 2 3 9 10 | 10.5
Stealth        | 2 3 4 5 |  5.0
Shields        | 2 4 |  4.4
Translocations | 2 3 5 |  5.2

Action                   |  1- 3 |  4- 6 |  7- 9 | 10-12 | 13-15 || total
-------------------------+-------+-------+-------+-------+-------++-------
Melee: Unarmed           |    17 |       |       |       |       ||    17
       Tailslap          |     1 |     1 |       |     2 |       ||     4
       Short sword       |     2 |     3 |     3 |     4 |       ||    12
       Hand axe          |       |       |       |    11 |    13 ||    24
Throw: Stone             |     1 |       |       |     1 |     5 ||     7
       Throwing net      |       |       |       |       |     3 ||     3
 Cast: Magic Dart        |    50 |    52 |   214 |    92 |       ||   408
       Searing Ray       |    14 |    33 |    91 |    32 |     1 ||   171
       Iskenderun's Myst |       |     1 |    22 |    11 |     1 ||    35
       Sticky Flame      |       |       |     4 |    24 |     5 ||    33
       Fulminant Prism   |       |       |     4 |     1 |       ||     5
       Force Lance       |       |       |     2 |    36 |    26 ||    64
       Dazzling Spray    |       |       |     1 |     1 |       ||     2
       Fireball          |       |       |       |    93 |    52 ||   145
  Use: Scroll            |       |     7 |    12 |     5 |       ||    24
       Potion            |       |       |       |     1 |     1 ||     2
  Eat: Chunk             |     6 |     9 |    19 |    31 |     5 ||    70
       Ration            |       |       |       |     4 |     2 ||     6
Armor: Skin              |    12 |     9 |    43 |    22 |    11 ||    97
Dodge: Dodged            |    22 |    19 |    50 |    40 |    20 ||   151
Block: Buckler           |       |       |       |    25 |     5 ||    30

Table legend:
 A = Spawn XP
 B = Non-spawn XP
 C = Spawn XP percentage of total XP
 D = Spawn monster count
 E = Non-spawn monster count
 F = Spawn count percentage of total count
 G = Total turns spent on level
                    A         B        C        D         E        F      G
               +---------+---------+-------+---------+---------+-------+---------
         Total |       0 |   27611 |   0.0 |       0 |     385 |   0.0 | 20542
               +---------+---------+-------+---------+---------+-------+---------
           D:1 |       0 |      48 |   0.0 |       0 |      25 |   0.0 |  1522
           D:2 |       0 |      68 |   0.0 |       0 |      22 |   0.0 |  1490
           D:3 |       0 |     414 |   0.0 |       0 |      24 |   0.0 |  1816
           D:4 |       0 |     568 |   0.0 |       0 |      19 |   0.0 |  1298
           D:5 |       0 |    1408 |   0.0 |       0 |      34 |   0.0 |  1462
           D:6 |       0 |    1834 |   0.0 |       0 |      80 |   0.0 |  2234
           D:7 |       0 |     911 |   0.0 |       0 |      26 |   0.0 |  1469
           D:8 |       0 |    3283 |   0.0 |       0 |      28 |   0.0 |  1631
           D:9 |       0 |    3554 |   0.0 |       0 |      32 |   0.0 |  2501
          D:10 |       0 |    5221 |   0.0 |       0 |      27 |   0.0 |  1204
          D:11 |       0 |    6977 |   0.0 |       0 |      32 |   0.0 |  3267
          D:12 |       0 |    2958 |   0.0 |       0 |      32 |   0.0 |   135
        Lair:1 |       0 |     367 |   0.0 |       0 |       4 |   0.0 |   439
               +---------+---------+-------+---------+---------+-------+---------
